 Dungeon Crawl Stone Soup version 0.27.0-1-g7a089689b8 (webtiles) character file.

Game seed: 1308103138203127016

138 ZombieSheep the Caller (level 5, 0/37 HPs)
             Began as a Gnoll Summoner on Aug 7, 2021.
             Was a Follower of Cheibriados.
             Slain by a water moccasin (6 damage)
             ... on level 4 of the Dungeon.
             The game lasted 00:10:32 (3669 turns).

ZombieSheep the Caller (Gnoll Summoner)             Turns: 3669, Time: 00:10:33

Health: 0/37       AC:  6    Str: 12    XL:     5   Next: 21%
Magic:  1/13       EV: 12    Int: 17    God:    Cheibriados [*.....]
Gold:   67         SH:  0    Dex: 15    Spells: 8/14 levels left

rFire    . . .     SeeInvis .   l - +2 falchion (freeze)
rCold    . . .     Faith    .   (no shield)
rNeg     . . .     Spirit   .   m - +0 ring mail
rPois    .         Reflect  .   (no helmet)
rElec    +         Harm     .   (no cloak)
rCorr    .         Rampage  .   i - +0 pair of gloves
Will     .....                  (no boots)
Stlth    ++........             e - amulet of regeneration
HPRegen  1.12/turn              (no ring)
MPRegen  0.13/turn              (no ring)

@: lethally poisoned (0 -> 0), very slow
A: fangs 1, strong nose, distributed training, high mp 1, electricity
resistance, evolution 1
a: Renounce Religion, Bend Time


You were on level 4 of the Dungeon.
You worshipped Cheibriados.
Cheibriados was aware of your devotion.
You visited 1 branch of the dungeon, and saw 4 of its levels.

You collected 121 gold pieces.
You spent 54 gold pieces at shops.

Inventory:

Hand Weapons
 a - a +0 trident
 l - a +2 falchion of freezing (weapon)
Armour
 i - a +0 pair of gloves (worn)
 m - a +0 ring mail (worn)
Jewellery
 e - an amulet of regeneration (around neck)
Wands
 j - a wand of iceblast (3)
Scrolls
 k - 2 scrolls of teleportation
Potions
 b - 2 potions of lignification
 c - a potion of might


   Skills:
 + Level 1.4 Fighting
 + Level 1.4 Short Blades
 + Level 1.4 Long Blades
 + Level 1.4 Axes
 + Level 1.4 Maces & Flails
 + Level 1.4 Polearms
 + Level 1.4 Staves
 + Level 1.4 Slings
 + Level 1.4 Bows
 + Level 1.4 Crossbows
 + Level 1.4 Throwing
 + Level 1.4 Armour
 + Level 4.7 Dodging
 + Level 4.3 Stealth
 + Level 1.4 Shields
 + Level 1.4 Unarmed Combat
 + Level 5.1 Spellcasting
 + Level 1.1 Conjurations
 + Level 1.1 Hexes
 + Level 7.2 Summonings
 + Level 1.1 Necromancy
 + Level 1.1 Translocations
 + Level 1.1 Transmutations
 + Level 1.1 Fire Magic
 + Level 1.1 Ice Magic
 + Level 1.1 Air Magic
 + Level 1.1 Earth Magic
 + Level 1.1 Poison Magic
 + Level 1.5 Invocations
 + Level 1.4 Evocations


You had 8 spell levels left.
You knew the following spells:

 Your Spells              Type           Power      Damage    Failure   Level
a - Summon Small Mammal   Summ           100%       N/A       1%          1
b - Call Imp              Summ           28%        N/A       2%          2
c - Call Canine Familiar  Summ           28%        N/A       4%          3

Your spell library contained the following spells:

 Spells                   Type           Power      Damage    Failure   Level
 Summon Guardian Golem    Hex/Summ       18%        N/A       17%         3
 Dazzling Flash           Conj/Hex       16%        N/A       50%         3
 Ozocubu's Armour         Ice            8%         N/A       50%         3
 Summon Lightning Spire   Summ/Air       18%        N/A       50%         4
 Agony                    Necr           8%         N/A       99%         5
 Silence                  Hex/Air        4%         N/A       99%         5
 Ozocubu's Refrigeration  Ice            4%         4d5       100%        7


Dungeon Overview and Level Annotations

Branches:
Dungeon (4/15)
 Temple: D:4-7

Altars:
Cheibriados
Hepliaklqana

Shops:
D:2 [


Innate Abilities, Weirdness & Mutations

You have very sharp teeth.
Your uncanny sense of smell can sniff out nearby items.
Your experience applies equally to all skills.
You have an increased reservoir of magic. (+10% MP)
You are resistant to electric shocks. (rElec)
You evolve.


Message History

Your crimson imp closely misses the water moccasin.
Your iron imp barely misses the water moccasin.
The water moccasin closely misses your crimson imp.
Your hound bites the water moccasin but does no damage.
Your crimson imp hits the water moccasin but does no damage.
Your iron imp closely misses the water moccasin.
You feel sick.
Your hound bites the water moccasin.
The water moccasin completely misses your hound.
Your crimson imp closely misses the water moccasin.
The water moccasin bites your hound.
Your hound is poisoned.
The water moccasin poisons your hound!
Your hound bites the water moccasin.
Your iron imp closely misses the water moccasin.
You feel sick.
Your hound closely misses the water moccasin.
The water moccasin barely misses your hound.
Your crimson imp blinks!
Your hound closely misses the water moccasin.
The water moccasin completely misses your hound.
Your iron imp closely misses the water moccasin.
You feel sick.
Your hound bites the water moccasin but does no damage.
The water moccasin bites your hound.
Your hound looks as sick as possible!
The water moccasin poisons your hound!
Unknown command.
Your hound closely misses the water moccasin.
An endoplasm comes into view.
The water moccasin bites your hound!
Your hound dies!
Your hound's corpse disappears in a puff of smoke!
Your iron imp closely misses the water moccasin.
The water moccasin hisses angrily.
Casting: Call Imp (safe; 2% risk of failure)
Confirm with . or Enter, or press ? or * to list all spells.
You feel sick.
Your iron imp hits the water moccasin.
You closely miss the water moccasin.
The water moccasin is almost dead.
You feel sick. The water moccasin bites you.
You die...

...##.....###+#######
........>...........#
..J.................#
...........)........#
...................#
...................##..
.....h..55.............
......†@S<..)..........
...##...####.##....##..
∆ #...# ####....#
.....# .....# .$.....#
.S...# ........#
.......+ ...##...#
###...## ... #+### ...#


You could see a water moccasin (ally target), an endoplasm, a friendly hound
(summoned), a friendly iron imp (summoned) and a friendly crimson imp
(summoned).

Vanquished Creatures
  3 gnolls
  A dart slug (D:4)
  An orc (D:3)
  6 ball pythons
  2 bats (D:1)
  2 endoplasms
  3 jackals
  A frilled lizard (D:2)
  2 goblins (D:3)
  A kobold (D:4)
22 creatures vanquished.

Vanquished Creatures (collateral kills)
  A gnoll shaman (D:3)
  Terence (D:2)
  5 gnolls
  An adder (D:2)
  A worm (D:3)
  6 orcs (D:3)
  2 goblins
  4 hobgoblins
  5 jackals
  3 kobolds
  A quokka (D:1)
  2 ball pythons
  4 rats
36 creatures vanquished.

Grand Total: 58 creatures vanquished

Notes
Turn   | Place    | Note
-------+----------+-------------------------------------------
     0 | D:1      | ZombieSheep the Gnoll Summoner began the quest for the Orb.
     0 | D:1      | Reached XP level 1. HP: 13/13 MP: 6/6
   554 | D:1      | Reached XP level 2. HP: 16/19 MP: 5/7
  1112 | D:1      | Learned a level 2 spell: Call Imp
  1485 | D:2      | Found a faded altar of an unknown god.
  1485 | D:2      | Noticed Terence
  1951 | D:2      | Found a snail-covered altar of Cheibriados.
  1959 | D:2      | Became a worshipper of Cheibriados the Contemplative
  2041 | D:2      | Killed Terence
  2042 | D:2      | Reached skill level 5 in Spellcasting
  2042 | D:2      | Reached skill level 1 in Invocations
  2042 | D:2      | Reached XP level 3. HP: 22/25 MP: 1/9
  2143 | D:2      | Found Tiomn's Armour Shop.
  2148 | D:2      | Bought a +0 pair of gloves for 54 gold pieces
  2168 | D:2      | Reached skill level 1 in Fighting
  2168 | D:2      | Reached skill level 1 in Short Blades
  2168 | D:2      | Reached skill level 1 in Long Blades
  2168 | D:2      | Reached skill level 1 in Axes
  2168 | D:2      | Reached skill level 1 in Maces & Flails
  2168 | D:2      | Reached skill level 1 in Polearms
  2168 | D:2      | Reached skill level 1 in Staves
  2168 | D:2      | Reached skill level 1 in Slings
  2168 | D:2      | Reached skill level 1 in Bows
  2168 | D:2      | Reached skill level 1 in Crossbows
  2168 | D:2      | Reached skill level 1 in Throwing
  2168 | D:2      | Reached skill level 1 in Armour
  2168 | D:2      | Reached skill level 1 in Shields
  2168 | D:2      | Reached skill level 1 in Unarmed Combat
  2168 | D:2      | Reached skill level 1 in Evocations
  2170 | D:2      | Reached XP level 4. HP: 28/32 MP: 7/11
  2402 | D:2      | Learned a level 3 spell: Call Canine Familiar
  2918 | D:3      | Found a hazy altar of Hepliaklqana.
  2935 | D:3      | Reached * piety under Cheibriados
  3300 | D:3      | Reached skill level 1 in Conjurations
  3300 | D:3      | Reached skill level 1 in Hexes
  3300 | D:3      | Reached skill level 1 in Necromancy
  3300 | D:3      | Reached skill level 1 in Translocations
  3300 | D:3      | Reached skill level 1 in Transmutations
  3300 | D:3      | Reached skill level 1 in Fire Magic
  3300 | D:3      | Reached skill level 1 in Ice Magic
  3300 | D:3      | Reached skill level 1 in Air Magic
  3300 | D:3      | Reached skill level 1 in Earth Magic
  3300 | D:3      | Reached skill level 1 in Poison Magic
  3484 | D:3      | Reached XP level 5. HP: 30/37 MP: 1/12
  3646 | D:4      | Noticed a water moccasin
  3660 | D:4      | Gained mutation: You have an increased reservoir of magic.
                  | (+10% MP) [potion of mutation]
  3660 | D:4      | Gained mutation: You are resistant to electric shocks.
                  | (rElec) [potion of mutation]
  3660 | D:4      | Gained mutation: You evolve. [potion of mutation]
  3669 | D:4      | Slain by a water moccasin

Illustrated notes

Levels and vault maps discovered:
D:1:      saegor_arrival_simple_b, layout_loops_ring
D:2:      layout_rooms, basic_altar, serial_shops, nicolae_shop_statue_plus,
          dreamdust_ecumenical_altar_statues, kennysheep_minor_cross,
          uniq_terence
D:3:      layout_basic, mainiacjoe_overflow_catwalk, serial_co_window_serial,
          co_window_paths_b, co_window_paths_a, co_window_of_opportunity_a,
          co_window_paths_a, co_window_paths_b, co_window_corner_b,
          co_window_broadway_b, co_window_corner_cb, co_window_of_opportunity_c,
          co_window_broadway_c, co_window_paths_d, glass_columns_a,
          hangedman_decor_slide_cut, st_stairs_1
D:4:      layout_gridville, mainiacjoe_overflow_divided_tiny,
          minmay_temple_entry_overgrown, uniq_duvessa

Skill      XL: |  1  2  3  4 |
---------------+-------------+-----
Spellcasting   | 5 |  5.1
Invocations    | 1 |  1.5
Fighting       | 1 |  1.4
Short Blades   | 1 |  1.4
Long Blades    | 1 |  1.4
Axes           | 1 |  1.4
Maces & Flails | 1 |  1.4
Polearms       | 1 |  1.4
Staves         | 1 |  1.4
Slings         | 1 |  1.4
Bows           | 1 |  1.4
Crossbows      | 1 |  1.4
Throwing       | 1 |  1.4
Armour         | 1 |  1.4
Shields        | 1 |  1.4
Unarmed Combat | 1 |  1.4
Evocations     | 1 |  1.4
Conjurations   | 1 |  1.1
Hexes          | 1 |  1.1
Necromancy     | 1 |  1.1
Translocations | 1 |  1.1
Transmutations | 1 |  1.1
Fire Magic     | 1 |  1.1
Ice Magic      | 1 |  1.1
Air Magic      | 1 |  1.1
Earth Magic    | 1 |  1.1
Poison Magic   | 1 |  1.1
Dodging        | |  4.7
Stealth        | |  4.3
Summonings     | |  7.2

Action                   |  1- 3 |  4- 6 || total
-------------------------+-------+-------++-------
Melee: Unarmed           |    14 |       ||    14
       Dagger            |    46 |       ||    46
       Bite              |     7 |     4 ||    11
       Trident           |    25 |    46 ||    71
       Falchion          |       |     3 ||     3
 Cast: Summon Small Mamm |    12 |       ||    12
       Call Imp          |    22 |    10 ||    32
       Call Canine Famil |       |     7 ||     7
Invok: Bend Time         |       |     1 ||     1
  Use: Scroll            |     1 |     4 ||     5
       Potion            |       |     1 ||     1
 Stab: Sleeping          |     3 |     3 ||     6
       Distracted        |     1 |     1 ||     2
Armor: Robe              |     8 |       ||     8
       Leather armour    |    13 |     3 ||    16
       Ring mail         |       |     3 ||     3
Dodge: Dodged            |    79 |    28 ||   107
       Rpst.: Falchion   |       |     2 ||     2
